NYP
BATAVIA MUCKDOGS @ MILWAUKEE (NYP) BREWERS
07/22/2044
 
TOP OF THE 1ST
Batavia Muckdogs batting - Pitching for Milwaukee (NYP) Brewers : RHP Julian Urbina
Pitching: RHP Julian Urbina
Batting: RHB Calvin Morin 0-0: Ball
1-0: Called Strike
1-1: Ball
2-1: Ground out 6-3 (Groundball, 56D, EV 104.4 MPH)
Batting: LHB David Doge 0-0: Ball
1-0: SINGLE (Flyball, 8RS, EV 97.5 MPH)
Batting: RHB Jim Fisher 0-0: Called Strike
0-1: Ball
1-1: Grounds into double play, 4-6-3 (Groundball, 4, EV 103.1 MPH)
Top of the 1st over - 0 runs, 1 hit, 0 errors, 0 left on base; Batavia 0 - Milwaukee (NYP) 0
BOTTOM OF THE 1ST
Milwaukee (NYP) Brewers batting - Pitching for Batavia Muckdogs : RHP Gabe Behrend
Pitching: RHP Gabe Behrend
Batting: SHB Mitchell Greene 0-0: Swinging Strike
0-1: Ball
1-1: Foul Ball, location: 2F
1-2: TRIPLE (Groundball, 5L, EV 103.8 MPH)
Batting: RHB John Freeman 0-0: Foul Ball, location: 2F
0-1: Ball
1-1: Ball
2-1: DOUBLE (Line Drive, 9LM, EV 108.8 MPH)
Mitchell Greene scores
Batting: LHB Alfredo de la Cruz 0-0: Foul Ball, location: 2F
0-1: Ball
1-1: Ball
2-1: Ball
3-1: Base on Balls
Batting: RHB Steve Byerly 0-0: Swinging Strike
0-1: Foul Ball, location: 2F
0-2: Strikes out looking
Batting: LHB Paul Collins 0-0: Called Strike
John Freeman steals 3rd base
Alfredo de la Cruz to second
0-1: Ball
1-1: Swinging Strike
1-2: Ball
Passed Ball!
John Freeman scores
Alfredo de la Cruz to third
2-2: Ball
3-2: DOUBLE (Flyball, 7LD, EV 98.8 MPH)
Alfredo de la Cruz scores
Batting: RHB Brian Landrum 0-0: Called Strike
0-1: Foul Ball, location: 2F
0-2: DOUBLE (Line Drive, 9LM, EV 108.1 MPH)
Paul Collins scores
Batting: RHB Brad Wren 0-0: Called Strike
0-1: Foul Ball, location: 2F
0-2: SINGLE (Groundball, P, EV 80.0 MPH) (infield hit)
Brian Landrum to third
Batting: RHB Tyler Badillo 0-0: Ball
1-0: Called Strike
1-1: Foul Ball, location: 2F
1-2: Strikes out swinging
Pitching: RHP Scott Feltham
Batting: SHB Adam Slade 0-0: Foul Ball, location: 2F
0-1: Ball
1-1: Ball
2-1: Foul Ball, location: 2F
2-2: Ball
3-2: Foul Ball, location: 2F
3-2: Base on Balls
Brad Wren to second
Batting: SHB Mitchell Greene 0-0: Ball
1-0: Ball
2-0: Ball
3-0: Base on Balls
Brian Landrum scores
Brad Wren to third
Adam Slade to second
Batting: RHB John Freeman 0-0: Foul Ball, location: 2F
0-1: Ball
1-1: Called Strike
1-2: Strikes out swinging
Bottom of the 1st over - 5 runs, 5 hits, 0 errors, 3 left on base; Batavia 0 - Milwaukee (NYP) 5
TOP OF THE 2ND
Batavia Muckdogs batting - Pitching for Milwaukee (NYP) Brewers : RHP Julian Urbina
Batting: RHB Len Graham 0-0: SINGLE (Line Drive, 89S, EV 103.1 MPH)
Batting: LHB Ryan Thompson 0-0: Ball
Len Graham steals 2nd base
1-0: Foul Ball, location: 2F
1-1: Called Strike
1-2: Foul Ball, location: 2F
1-2: Foul Ball, location: 2F
1-2: Strikes out swinging
Batting: RHB Nate Crofts 0-0: Called Strike
0-1: Foul Ball, location: 2F
0-2: Ball
1-2: Ball
2-2: Fly out, F9 (Flyball, 9S, EV 89.4 MPH)
Batting: RHB Hiromitsu Yamada 0-0: Foul Ball, location: 2F
0-1: SINGLE (Groundball, 34S, EV 67.5 MPH) (infield hit)
Len Graham to third
Batting: RHB Larry LeFever 0-0: Ball
1-0: Called Strike
1-1: Ball
2-1: Ball
3-1: Base on Balls
Hiromitsu Yamada to second
Batting: RHB Jeremy Dennis 0-0: Ball
1-0: Called Strike
1-1: Ball
2-1: Ball
3-1: Foul Ball, location: 2F
3-2: Ground out 4-3 (Groundball, 4, EV 89.4 MPH)
Top of the 2nd over - 0 runs, 2 hits, 0 errors, 3 left on base; Batavia 0 - Milwaukee (NYP) 5
BOTTOM OF THE 2ND
Milwaukee (NYP) Brewers batting - Pitching for Batavia Muckdogs : RHP Scott Feltham
Batting: LHB Alfredo de la Cruz 0-0: Called Strike
0-1: Called Strike
0-2: Ball
1-2: Ball
2-2: Fly out, F6 (Popup, 6M, EV 60.6 MPH)
Pitching: RHP Ryan Babbitt
Batting: RHB Steve Byerly 0-0: Ground out 1-3 (Groundball, P, EV 67.5 MPH)
Batting: LHB Paul Collins 0-0: DOUBLE (Line Drive, 9LS, EV 95.6 MPH)
Batting: RHB Brian Landrum 0-0: Foul Ball, location: 2F
0-1: Called Strike
0-2: Ball
1-2: Strikes out swinging
Bottom of the 2nd over - 0 runs, 1 hit, 0 errors, 1 left on base; Batavia 0 - Milwaukee (NYP) 5
TOP OF THE 3RD
Batavia Muckdogs batting - Pitching for Milwaukee (NYP) Brewers : RHP Julian Urbina
Batting: RHB Calvin Morin 0-0: Swinging Strike
0-1: Ground out 3-1 (Groundball, 34, EV 109.4 MPH)
Batting: LHB David Doge 0-0: Called Strike
0-1: Foul Ball, location: 2F
0-2: Strikes out swinging, 2-3 out at first.
Batting: RHB Jim Fisher 0-0: Swinging Strike
0-1: Ball
1-1: SINGLE (Groundball, 34D, EV 94.4 MPH)
Batting: RHB Len Graham 0-0: Called Strike
0-1: Swinging Strike
0-2: Ball
1-2: Ground out 4-3 (Groundball, 4, EV 78.8 MPH)
Top of the 3rd over - 0 runs, 1 hit, 0 errors, 1 left on base; Batavia 0 - Milwaukee (NYP) 5
BOTTOM OF THE 3RD
Milwaukee (NYP) Brewers batting - Pitching for Batavia Muckdogs : RHP Ryan Babbitt
Batting: RHB Brad Wren 0-0: Called Strike
0-1: Ball
1-1: Ball
2-1: SOLO HOME RUN (Flyball, 7D, EV 99.4 MPH), Distance : 368 ft
Batting: RHB Tyler Badillo 0-0: Foul Ball, location: 2F
0-1: Swinging Strike
0-2: Strikes out swinging
Batting: SHB Adam Slade 0-0: Called Strike
0-1: Foul Ball, location: 2F
0-2: Ball
1-2: Foul Ball, location: 2F
1-2: Strikes out swinging
Pitching: RHP Alex Garza
Batting: SHB Mitchell Greene 0-0: Ball
1-0: Called Strike
1-1: Foul Ball, location: 2F
1-2: Ball
2-2: Ball
3-2: Ground out 4-3 (Groundball, 4MD, EV 91.9 MPH)
Bottom of the 3rd over - 1 run, 1 hit, 0 errors, 0 left on base; Batavia 0 - Milwaukee (NYP) 6
TOP OF THE 4TH
Batavia Muckdogs batting - Pitching for Milwaukee (NYP) Brewers : RHP Julian Urbina
Batting: LHB Ryan Thompson 0-0: Called Strike
0-1: Ground out 1-3 (Groundball, 13S, EV 71.2 MPH)
Batting: RHB Nate Crofts 0-0: Ball
1-0: Foul Ball, location: 2F
1-1: Ball
2-1: Swinging Strike
2-2: Strikes out looking
Batting: RHB Hiromitsu Yamada 0-0: Called Strike
0-1: Called Strike
0-2: Ball
1-2: Ball
2-2: Strikes out looking
Top of the 4th over - 0 runs, 0 hits, 0 errors, 0 left on base; Batavia 0 - Milwaukee (NYP) 6
BOTTOM OF THE 4TH
Milwaukee (NYP) Brewers batting - Pitching for Batavia Muckdogs : RHP Alex Garza
Batting: RHB John Freeman 0-0: Ball
1-0: DOUBLE (Flyball, 8RXD, EV 110.0 MPH)
Batting: LHB Alfredo de la Cruz 0-0: Ball
1-0: Called Strike
1-1: Foul Ball, location: 2F
1-2: SINGLE (Groundball, 25, EV 71.2 MPH) (infield hit)
John Freeman to third
Batting: RHB Steve Byerly 0-0: Ball
1-0: Ball
2-0: Called Strike
2-1: Ball
Alfredo de la Cruz steals 2nd base (no throw)
3-1: Foul Ball, location: 2F
3-2: SINGLE (Groundball, 4MD, EV 106.2 MPH)
John Freeman scores
Alfredo de la Cruz to third
Runner from 3rd tries for Home, SAFE, throw by CF to home
Steve Byerly to second
Pitching: RHP Giampaolo Nobile
Batting: LHB Paul Collins 0-0: Ground out 4-3 (Groundball, 4, EV 101.9 MPH)
Steve Byerly to third
Batting: RHB Brian Landrum 0-0: Called Strike
0-1: Ball
1-1: Ball
2-1: Foul Ball, location: 2F
2-2: Ball
3-2: Base on Balls
Batting: RHB Brad Wren 0-0: Fielders Choice at 2nd, 6-4 (Groundball, 6, EV 107.5 MPH)
Steve Byerly scores
Batting: RHB Tyler Badillo 0-0: Called Strike
Balk!
Brad Wren to second
0-1: Ball
1-1: Foul Ball, location: 2F
1-2: Ball
2-2: Strikes out swinging
Bottom of the 4th over - 3 runs, 3 hits, 0 errors, 1 left on base; Batavia 0 - Milwaukee (NYP) 9
TOP OF THE 5TH
Batavia Muckdogs batting - Pitching for Milwaukee (NYP) Brewers : RHP Julian Urbina
Batting: RHB Larry LeFever 0-0: Ball
1-0: Ball
2-0: Ball
3-0: Called Strike
3-1: SINGLE (Groundball, 5D, EV 93.8 MPH)
Batting: RHB Jeremy Dennis 0-0: SINGLE (Groundball, 6MD, EV 103.1 MPH)
Larry LeFever to second
Batting: RHB Calvin Morin 0-0: Ball
1-0: Foul Ball, location: 2F
1-1: Called Strike
1-2: DOUBLE (Groundball, 5L, EV 102.5 MPH)
Larry LeFever scores
Jeremy Dennis to third
Batting: LHB David Doge 0-0: Called Strike
0-1: Foul Ball, location: 2F
0-2: Foul Ball, location: 2F
0-2: Ground out 4-3 (Groundball, 4, EV 99.4 MPH)
Jeremy Dennis scores
Calvin Morin to third
Batting: RHB Jim Fisher 0-0: Ball
1-0: Swinging Strike
1-1: Foul Ball, location: 2F
1-2: Ball
2-2: Ball
3-2: Strikes out swinging
Pitching: RHP Justin Orr
Batting: RHB Len Graham 0-0: Foul Ball, location: 2F
0-1: Fly out, F3 (Popup, 3SF, EV 77.5 MPH)
Top of the 5th over - 2 runs, 3 hits, 0 errors, 1 left on base; Batavia 2 - Milwaukee (NYP) 9
BOTTOM OF THE 5TH
Milwaukee (NYP) Brewers batting - Pitching for Batavia Muckdogs : RHP Giampaolo Nobile
Batting: SHB Adam Slade 0-0: Ball
1-0: SINGLE (Groundball, 6MD, EV 103.1 MPH)
Batting: SHB Mitchell Greene 0-0: Ball
1-0: Foul Ball, location: 2F
1-1: Ball
Pickoff Throw to First - Out! 1-3
2-1: Foul Ball, location: 2F
2-2: Foul Ball, location: 2F
2-2: Ball
3-2: Ground out 4-3 (Groundball, 4, EV 105.6 MPH)
Batting: RHB John Freeman 0-0: Called Strike
0-1: Called Strike
0-2: Ball
1-2: DOUBLE (Line Drive, 78M, EV 88.8 MPH)
Batting: LHB Alfredo de la Cruz 0-0: Called Strike
0-1: SINGLE (Groundball, 34S, EV 68.8 MPH) (infield hit)
John Freeman to third
Batting: RHB Steve Byerly 0-0: Ball
1-0: Ball
2-0: Swinging Strike
2-1: Called Strike
2-2: Foul Ball, location: 2F
2-2: Foul Ball, location: 2F
2-2: Strikes out looking
Bottom of the 5th over - 0 runs, 3 hits, 0 errors, 2 left on base; Batavia 2 - Milwaukee (NYP) 9
TOP OF THE 6TH
Batavia Muckdogs batting - Pitching for Milwaukee (NYP) Brewers : RHP Justin Orr
Batting: LHB Ryan Thompson 0-0: Ball
1-0: Called Strike
1-1: Swinging Strike
1-2: Strikes out swinging
Batting: RHB Nate Crofts 0-0: DOUBLE (Flyball, 8LXD, EV 112.5 MPH)
Batting: RHB Hiromitsu Yamada 0-0: Ball
1-0: Ground out 6-3 (Groundball, 56, EV 86.9 MPH)
Batting: RHB Larry LeFever 0-0: Ball
1-0: Called Strike
1-1: Ball
2-1: Ball
3-1: Base on Balls
Batting: RHB Jeremy Dennis 0-0: Fly out, F4 (Popup, 4MD, EV 51.9 MPH)
Top of the 6th over - 0 runs, 1 hit, 0 errors, 2 left on base; Batavia 2 - Milwaukee (NYP) 9
BOTTOM OF THE 6TH
Milwaukee (NYP) Brewers batting - Pitching for Batavia Muckdogs : RHP Giampaolo Nobile
Batting: LHB Paul Collins 0-0: Called Strike
0-1: Called Strike
0-2: Ball
1-2: SINGLE (Line Drive, 9LS, EV 95.0 MPH)
Batting: RHB Brian Landrum 0-0: Ball
1-0: SINGLE (Groundball, 4MD, EV 94.4 MPH)
Paul Collins to second
Batting: RHB Brad Wren 0-0: Ball
1-0: Foul Ball, location: 2F
1-1: Fielders Choice at 2nd, 6-4 (Groundball, 6, EV 90.0 MPH)
Paul Collins to third
Batting: RHB Tyler Badillo 0-0: Ball
1-0: Fly out, F8 (Flyball, 8LXD, EV 90.6 MPH)
Runner from 3rd tags up, SCORES, no throw by CF
Batting: SHB Adam Slade 0-0: Ball
1-0: SINGLE (Groundball, 4MD, EV 94.4 MPH)
Brad Wren to second
Batting: SHB Mitchell Greene 0-0: Fly out, F8 (Line Drive, 8LM, EV 100.0 MPH)
Bottom of the 6th over - 1 run, 3 hits, 0 errors, 2 left on base; Batavia 2 - Milwaukee (NYP) 10
TOP OF THE 7TH
Batavia Muckdogs batting - Pitching for Milwaukee (NYP) Brewers : RHP Justin Orr
Batting: RHB Calvin Morin 0-0: Ball
1-0: Called Strike
1-1: Ground out 4-3 (Groundball, 34, EV 102.5 MPH)
Batting: LHB David Doge 0-0: Ball
1-0: Ball
2-0: Called Strike
2-1: Fly out, F8 (Flyball, 8RS, EV 90.6 MPH)
Batting: RHB Jim Fisher 0-0: Called Strike
0-1: Ball
1-1: Foul Ball, location: 2F
1-2: Foul Ball, location: 2F
1-2: Ball
2-2: Ball
3-2: Base on Balls
Batting: RHB Len Graham 0-0: Foul Ball, location: 2F
0-1: SINGLE (Line Drive, 8RS, EV 93.1 MPH)
Jim Fisher to second
Batting: LHB Ryan Thompson 0-0: Ball
1-0: 3-RUN HOME RUN (Flyball, 89XD, EV 97.5 MPH), Distance : 407 ft
Pitching: RHP Eddie Becerra
Batting: RHB Nate Crofts 0-0: Called Strike
0-1: Ball
1-1: Swinging Strike
1-2: Ball
2-2: Foul Ball, location: 2F
2-2: Foul Ball, location: 2F
2-2: Ball
3-2: Foul Ball, location: 2F
3-2: Strikes out looking
Top of the 7th over - 3 runs, 2 hits, 0 errors, 0 left on base; Batavia 5 - Milwaukee (NYP) 10
BOTTOM OF THE 7TH
Milwaukee (NYP) Brewers batting - Pitching for Batavia Muckdogs : RHP Giampaolo Nobile
Batting: RHB John Freeman 0-0: Called Strike
0-1: Ground out 4-3 (Groundball, 4, EV 94.4 MPH)
Batting: LHB Alfredo de la Cruz 0-0: Swinging Strike
0-1: Called Strike
0-2: Strikes out swinging
Batting: RHB Steve Byerly 0-0: DOUBLE (Flyball, 8LXD, EV 97.5 MPH)
Batting: LHB Paul Collins 0-0: Ball
1-0: Ball
2-0: Swinging Strike
2-1: Foul Ball, location: 2F
2-2: Ball
Wild Pitch!
Steve Byerly to third
3-2: Base on Balls
Pitching: RHP Jose Trevino
Batting: RHB Brian Landrum 0-0: Foul Ball, location: 2F
0-1: Ball
1-1: Ball
2-1: Ball
3-1: Base on Balls
Paul Collins to second
Batting: RHB Brad Wren 0-0: Called Strike
0-1: Foul Ball, location: 2F
0-2: SINGLE (Groundball, P, EV 84.4 MPH) (infield hit)
Steve Byerly scores
Paul Collins to third
Brian Landrum to second
Batting: RHB Tyler Badillo 0-0: Ball
1-0: Fly out, F8 (Flyball, 78D, EV 96.2 MPH)
Bottom of the 7th over - 1 run, 2 hits, 0 errors, 3 left on base; Batavia 5 - Milwaukee (NYP) 11
TOP OF THE 8TH
Batavia Muckdogs batting - Pitching for Milwaukee (NYP) Brewers : RHP Eddie Becerra
Pinch Hitting: LHB Andrew van Dongen 0-0: Ball
1-0: Ground out U3 (Groundball, 34S, EV 89.4 MPH)
Batting: RHB Larry LeFever 0-0: Called Strike
0-1: Foul Ball, location: 2F
0-2: Foul Ball, location: 2F
0-2: Foul Ball, location: 2F
0-2: Strikes out swinging
Pinch Hitting: LHB Carlos Mosqueda 0-0: Foul Ball, location: 2F
0-1: Fly out, F8 (Flyball, 8LM, EV 93.1 MPH)
Top of the 8th over - 0 runs, 0 hits, 0 errors, 0 left on base; Batavia 5 - Milwaukee (NYP) 11
BOTTOM OF THE 8TH
Milwaukee (NYP) Brewers batting - Pitching for Batavia Muckdogs : RHP Jose Trevino
Now at 3B: Joe Lightell
Now in LF: Andrew van Dongen
Batting: SHB Adam Slade 0-0: Called Strike
0-1: Foul Ball, location: 2F
0-2: Ball
1-2: Foul Ball, location: 2F
1-2: Fly out, F3 (Line Drive, 3, EV 71.9 MPH)
Batting: SHB Mitchell Greene 0-0: Ball
1-0: Foul Ball, location: 2F
1-1: Foul Ball, location: 2F
1-2: Ground out 5-3 (Groundball, 5, EV 80.0 MPH)
Batting: RHB John Freeman 0-0: Called Strike
0-1: Ball
1-1: Ball
2-1: Ball
3-1: Called Strike
3-2: Fly out, F6 (Flyball, 6MD, EV 81.2 MPH)
Bottom of the 8th over - 0 runs, 0 hits, 0 errors, 0 left on base; Batavia 5 - Milwaukee (NYP) 11
TOP OF THE 9TH
Batavia Muckdogs batting - Pitching for Milwaukee (NYP) Brewers : RHP Eddie Becerra
Batting: RHB Calvin Morin 0-0: Ball
1-0: SINGLE (Groundball, 34D, EV 105.6 MPH)
Batting: LHB David Doge 0-0: SINGLE (Groundball, 4D, EV 94.4 MPH)
Calvin Morin to second
Batting: RHB Jim Fisher 0-0: Ball
1-0: Swinging Strike
1-1: Fielders Choice at 2nd, 4-6 (Groundball, 4, EV 91.9 MPH)
Calvin Morin to third
Batting: RHB Len Graham 0-0: TRIPLE (Flyball, 7D, EV 97.5 MPH)
Calvin Morin scores
Jim Fisher scores
Batting: LHB Ryan Thompson 0-0: Ground out 3-1 (Groundball, 34S, EV 86.9 MPH)
Len Graham scores
Pinch Hitting: SHB Dan Zink 0-0: Ball
1-0: Foul Ball, location: 2F
1-1: Foul Ball, location: 2F
1-2: Ball
2-2: Foul Ball, location: 2F
2-2: Ball
3-2: Ground out 6-3 (Groundball, 6, EV 95.0 MPH)
Top of the 9th over - 3 runs, 3 hits, 0 errors, 0 left on base; Batavia 8 - Milwaukee (NYP) 11
Thursday, March 31st , 2022 - OOTP Baseball 22.12 Build 89